 Dungeon Crawl Stone Soup version 0.16.1-51-g6203257 (webtiles) character file.

282 xopods the Conjurer (level 6, -8/32 HPs)
             Began as a Tengu Air Elementalist on Aug 5, 2015.
             Killed from afar by a steam dragon (14 damage)
             ... with a ball of steam
             ... on level 5 of the Dungeon.
             The game lasted 00:13:51 (2977 turns).

xopods the Conjurer (Tengu Air Elementalist)        Turns: 2977, Time: 00:13:51

Health: -8/32      AC:  3    Str:  9    XL:     6   Next: 28%
Magic:  10/15      EV: 11    Int: 17    God:
Gold:   126        SH:  0    Dex: 14    Spells: 4 memorised, 1 level left

rFire  . . .     SeeInvis .     e - +0 dagger
rCold  + . .     Clarity  .     g - +0 leather armour
rNeg   . . .     SustAb   .     (no shield)
rPois  .         Gourm    .     (helmet restricted)
rElec  .         Spirit   .     (no cloak)
rCorr  .         Warding  .     (no gloves)
rMut   .         Stasis   .     (boots unavailable)
MR     .....                    (no amulet)
Stlth  ++........               s - ring of protection from fire
                                b - ring of ice

@: repel missiles, drained, not resistant to hostile enchantments, unstealthy
A: able to fly, beak, talons 3
a: Fly


You were on level 5 of the Dungeon.
You were not hungry.

You visited 1 branch of the dungeon, and saw 5 of its levels.

You collected 126 gold pieces.

Inventory:

Hand weapons
 e - a +0 dagger (weapon)
Missiles
 f - 10 tomahawks (quivered)
Armour
 g - a +0 leather armour (worn)
Jewellery
 b - a ring of ice (left hand)
 j - an uncursed ring of sustain abilities
 s - a ring of protection from fire (right hand)
Magical devices
 o - a wand of invisibility (1)
Scrolls
 k - 6 scrolls of identify
 l - 4 scrolls of teleportation
Potions
 a - 2 potions of brilliance {unknown}
 d - a potion of cancellation
 h - a potion of curing
 i - 2 potions of heal wounds {unknown}
 m - a potion of haste {unknown}
 n - 2 potions of agility {unknown}
 p - a potion of poison {unknown}
 r - a potion of degeneration {unknown}
Comestibles
 c - 2 bread rations
 q - 4 chunks of flesh


   Skills:
 - Level 1.0(0.6) Armour
 - Level 2.1(1.7) Dodging
 - Level 2.0(1.5) Stealth
 - Level 3.1(2.7) Spellcasting
 * Level 5.8(5.3) Conjurations
 + Level 5.5(5.0) Air Magic


You had one spell level left.
You knew the following spells:

 Your Spells              Type           Power        Failure   Level  Hunger
a - Shock                 Conj/Air       ###.         3%          1    #......
b - Repel Missiles        Chrm/Air       ##....       14%         2    ##.....
c - Swiftness             Chrm/Air       ##......     14%         2    ##.....
d - Lightning Bolt        Conj/Air       ###.......   86%         5    ######.


Dungeon Overview and Level Annotations

Branches:
Dungeon (5/15)
 Temple: D:4-7

Altars:
Ashenzari
Gozag
Kikubaaqudgha
Nemelex Xobeh
Trog

Annotations:
D:3 babuloseo's ghost, average GrFi
D:4 Pandaemon's ghost, average DrBe


Innate Abilities, Weirdness & Mutations

You can fly.
You have a beak for a mouth.
You have claws for feet.


Message History

The steam dragon breathes steam at you. The ball of steam hits you!
Ouch! That really hurt!
Casting: Shock
Confirm with . or Enter, or press ? or * to list all spells.
Aiming: Shock
Press: ? - help, Shift-Dir - straight line, f/p - steam dragon
Aim: a steam dragon (heavily wounded, catching its breath)
The zap hits the steam dragon.
The steam dragon is heavily wounded.
You are engulfed in a cloud of scalding steam.
* * * LOW HITPOINT WARNING * * *
The steam dragon bites you but does no damage.
The steam dragon claws you.
* * * LOW HITPOINT WARNING * * *
Drink which item? (? for menu, Esc to quit)
It was a potion of curing.
You feel better. The steam dragon breathes steam at you.
The ball of steam hits you!
You die...

...#.#
##.#####.#.############
#....<................#
##...###.#.##########.#
.........†..># #.#
.............# #.#
...........### #.#
.......§.§#### #.#
......%D@....# #.#
.#.......§##.# #.#
#........##.# #.#
.........##.#########.#
##.......##...........#
........##############
......## ...... ..#


You could see a steam dragon.

Vanquished Creatures
  3 orc priests
  An orc wizard (D:3)
  Jessica (D:2)
  Robin (D:2)
  4 adders
  A giant mite (D:2)
  A worm (D:3)
  3 giant geckos
  2 oozes
  6 orcs
  3 ball pythons
  7 bats
  5 giant cockroaches
  8 hobgoblins
  5 jackals
  5 kobolds
  4 giant newts
  15 goblins
  13 rats
88 creatures vanquished.

Notes
Turn   | Place    | Note
--------------------------------------------------------------
     0 | D:1      | xopods, the Tengu Air Elementalist, began the quest for the Orb.
     0 | D:1      | Reached XP level 1. HP: 10/10 MP: 3/3
   130 | D:1      | Reached XP level 2. HP: 9/15 MP: 1/5
   134 | D:1      | Learned a level 2 spell: Repel Missiles
   137 | D:1      | Learned a level 2 spell: Swiftness
   422 | D:1      | Reached XP level 3. HP: 8/19 MP: 4/7
   601 | D:1      | Reached skill level 1 in Armour
   788 | D:2      | Found a shattered altar of Ashenzari.
   978 | D:2      | Reached XP level 4. HP: 22/24 MP: 3/9
  1142 | D:2      | Found a sparkling altar of Nemelex Xobeh.
  1173 | D:2      | Noticed Robin
  1179 | D:2      | Killed Robin
  1355 | D:2      | Noticed Jessica
  1361 | D:2      | Killed Jessica
  1738 | D:3      | Reached XP level 5. HP: 28/28 MP: 7/11
  1794 | D:3      | Reached skill level 5 in Air Magic
  1798 | D:3      | Noticed babuloseo's ghost (average GrFi)
  2174 | D:3      | Found an ancient bone altar of Kikubaaqudgha.
  2201 | D:3      | Reached skill level 5 in Conjurations
  2226 | D:3      | Learned a level 5 spell: Lightning Bolt
  2283 | D:3      | Found a sparkling altar of Nemelex Xobeh.
  2370 | D:3      | Found an opulent altar of Gozag.
  2371 | D:3      | Found a bloodstained altar of Trog.
  2684 | D:4      | Reached XP level 6. HP: 9/32 MP: 9/15
  2910 | D:4      | Noticed Pandaemon's ghost (average DrBe)
  2922 | D:5      | Entered Level 5 of the Dungeon
  2922 | D:5      | Noticed a steam dragon
  2976 | D:5      | HP: 1/32 [steam dragon (6)]
  2977 | D:5      | Killed from afar by a steam dragon

Action                   |  1- 3 |  4- 6 || total
-------------------------+-------+-------++-------
Melee: Dagger            |    15 |    48 ||    63
       Whip              |    28 |    22 ||    50
 Cast: Shock             |    59 |    86 ||   145
       Repel Missiles    |     1 |       ||     1
       Swiftness         |       |     3 ||     3
  Use: Scroll            |     5 |     2 ||     7
       Potion            |       |     1 ||     1
 Stab: Sleeping          |     1 |       ||     1
  Eat: Chunk             |     1 |     4 ||     5
       Beef jerky        |       |     1 ||     1
       Meat ration       |       |     1 ||     1
